 Dungeon Crawl Stone Soup version 0.28-a0-1493-g08698888e4 (webtiles) character file.

Game seed: 14740017852728745583

140 HallandMoats the Sneak (level 5, -4/46 HPs)
             Began as a Ghoul Brigand on Jan 12, 2022.
             Was a Follower of Ru.
             Slain by a goblin (5 damage)
             ... led by Robin
             ... on level 3 of the Dungeon.
             The game lasted 00:02:48 (2637 turns).

HallandMoats the Sneak (Ghoul Brigand)              Turns: 2637, Time: 00:02:49

Health: -4/46      AC:  6    Str: 17    XL:     5   Next: 23%
Magic:  4/4        EV: 11    Int:  6    God:    Ru [*.....]
Gold:   146        SH:  0    Dex: 10    Spells: 4/4 levels left

rFire   . . .      SeeInvis .   a - +2 dagger
rCold   + . .      Faith    .   (no shield)
rNeg    + + +      Spirit   .   f - +0 ring mail
rPois   ∞          Reflect  .   (no helmet)
rElec   .          Harm     .   c - +0 cloak
rCorr   .          Rampage  .   (no gloves)
Will    .....                   (no boots)
Stlth   ++........              (no amulet)
HPRegen 0.00/turn               (no ring)
MPRegen 0.09/turn               (no ring)

@: attractive, inhibited regen, unable to read
A: claws 1, cold resistance 1, negative energy resistance 3, inhibited
regeneration, torment resistance 2, inability to read while threatened
a: Renounce Religion


You were on level 3 of the Dungeon.
You worshipped Ru.
Ru was aware of your devotion.
You visited 1 branch of the dungeon, and saw 3 of its levels.

You collected 146 gold pieces.

Inventory:

Hand Weapons
 a - a +2 dagger (weapon)
Missiles
 d - 8 poisoned darts (quivered)
 e - 2 curare-tipped darts
Armour
 c - a +0 cloak (worn)
 f - a +0 ring mail (worn)
Scrolls
 b - a scroll of noise {unknown}
 g - 3 scrolls of identify
 h - a scroll of fog {unknown}
 i - a scroll of enchant armour {unknown}
 j - 3 scrolls of vulnerability {unknown}
 m - 4 scrolls of teleportation {unknown}
 n - a scroll of torment {unknown}
Potions
 k - a potion of lignification


   Skills:
 * Level 3.7 Fighting
 * Level 3.2 Short Blades
 - Level 1.7 Throwing
 + Level 1.4 Armour
 + Level 1.8 Dodging
 - Level 4.3 Stealth


You had 4 spell levels left.
You didn't know any spells.
Your spell library was empty.

Dungeon Overview and Level Annotations

Branches:
Dungeon (3/15)

Altars:
Nemelex Xobeh
Qazlal
Ru

Annotations:
D:3 Robin


Innate Abilities, Weirdness & Mutations

You thrive by killing the living.
You are immune to poison.
You have sharp fingernails.
Your flesh is cold resistant. (rC+)
You are immune to negative energy. (rN+++)
You do not regenerate when monsters are visible.
You are immune to unholy pain and torment.
You sometimes lose the ability to read scrolls when taking damage.


Message History

You feel better. Robin throws the goblin at you!
The goblin hits you with a +0 dagger. The goblin closely misses you.
The goblin hits you with a +0 club.
You hit the goblin.
You kill the goblin!
You feel better. The goblin hits you but does no damage.
The goblin hits you with a +0 dagger.
You feel threatened and lose the ability to read scrolls!
The goblin hits you with a +0 dagger. The goblin hits you but does no damage.
You can read scrolls again.
You hear a zap.
Some rock shatters into small pieces.
The black bear is attracted toward you.
Things that are here:
a +0 club; a +0 club The goblin hits you with a +0 dagger.
You feel threatened and lose the ability to read scrolls!
* * * LOW HITPOINT WARNING * * *
The goblin is attracted toward you. The endoplasm is attracted toward you.
You can read scrolls again.
Robin throws the goblin at you!
* * * LOW HITPOINT WARNING * * *
The goblin hits you with a +0 dagger.
* * * LOW HITPOINT WARNING * * *
The goblin is attracted toward you. Robin is attracted toward you.
The goblin is attracted toward you. x2
Robin zaps a wand.
Some rock shatters into small pieces.
The now-empty wand crumbles to dust.
The goblin hits you but does no damage. The black bear is attracted toward you.
There is a stone staircase leading down here.
The black bear closely misses you.
The black bear claws you but does no damage. x2
The goblin hits you with a +0 club.
You feel threatened and lose the ability to read scrolls!
* * * LOW HITPOINT WARNING * * *
You can read scrolls again.
The goblin no longer looks unusually strong.
Robin throws the goblin at you! The goblin barely misses you.
The goblin hits you with a +0 dagger.
You feel threatened and lose the ability to read scrolls!
You die...

.♣......#................###.....
.♣......#...###......##.## #.....
♣♣♣♣....#.........###...# ######
..÷.....#...####### #.###
........#....<....# #.#
........#....###..# #.#
#########......#..# #..
#....#.#.g# ### ####...#@.#
#..Jgh.# # ######gg..# .#
.#....gg#g.# ..#
........g.#§#...###
≈≈≈≈≈≈≈≈≈§.........
≈.......≈.§........
≈.#####.≈..........
≈.#.....≈.#......##


You could see a black bear, Robin, an endoplasm and 7 goblins.

Vanquished Creatures
  A hound (D:3)
  Natasha (D:2)
  3 adders (D:3)
  A worm (D:3)
  3 endoplasms
  5 giant cockroaches
  6 goblins
  4 hobgoblins
  5 jackals
  3 kobolds
  2 quokkas
  8 ball pythons
  5 bats
  3 frilled lizards
  3 rats (D:1)
53 creatures vanquished.

Notes
Turn   | Place    | Note
-------+----------+-------------------------------------------
     0 | D:1      | HallandMoats the Ghoul Brigand began the quest for the Orb.
     0 | D:1      | Reached XP level 1. HP: 17/17 MP: 0/0
    33 | D:1      | Reached skill level 1 in Dodging
    50 | D:1      | Reached XP level 2. HP: 24/25 MP: 1/1
   155 | D:1      | Found a faded altar of an unknown god.
   199 | D:1      | Prayed at the altar of an unknown god.
   199 | D:1      | Became a worshipper of Ru the Awakened
   220 | D:1      | Gained mutation: You sometimes lose the ability to read
                  | scrolls when taking damage. [Ru sacrifice]
   220 | D:1      | Reached * piety under Ru
   828 | D:2      | Reached XP level 3. HP: 30/30 MP: 2/2
  1018 | D:2      | Noticed Natasha
  1033 | D:2      | Killed Natasha
  1034 | D:2      | Reached skill level 1 in Armour
  1592 | D:3      | Reached XP level 4. HP: 38/38 MP: 3/3
  2267 | D:3      | Found a sparkling altar of Nemelex Xobeh.
  2317 | D:3      | Reached XP level 5. HP: 11/46 MP: 4/4
  2616 | D:3      | Found a stormy altar of Qazlal.
  2618 | D:3      | Noticed Robin
  2619 | D:3      | Noticed a black bear
  2636 | D:3      | HP: 1/46 [goblin[Robin] (6)]
  2637 | D:3      | Slain by a goblin

Illustrated notes

Levels and vault maps discovered:
D:1:      dpeg_arrival_water_temple_mockup, layout_basic,
          basic_ecumenical_altar, minmay_liquid_box, minmay_small_reverse_x
D:2:      layout_loops_cross, uniq_natasha
D:3:      layout_loops_cross, amcnicky_altar_gilded, slow_altar_1,
          mainiacjoe_overflow_brackets, kennysheep_generic_room_16, uniq_robin

Skill      XL: |  1  2  3  4 |
---------------+-------------+-----
Short Blades   | 2 3 |  3.2
Dodging        | 1 |  1.8
Fighting       | 3 |  3.7
Armour         | 1 |  1.4
Throwing       | |  1.7
Stealth        | |  4.3

Action                   |  1- 3 |  4- 6 || total
-------------------------+-------+-------++-------
Melee: Dagger            |    96 |   149 ||   245
       Punch             |     1 |     2 ||     3
Invok: Sacrifice Words   |     1 |       ||     1
  Use: Scroll            |       |     1 ||     1
       Potion            |       |     1 ||     1
 Stab: Sleeping          |     4 |     2 ||     6
Armor: Robe              |     4 |       ||     4
       Skin              |     1 |       ||     1
       Ring mail         |    29 |    77 ||   106
Dodge: Dodged            |    50 |    82 ||   132

Table legend: (Time is in decaauts)
 A = Elapsed time spent in this place.
 B = Non-inter-level travel time spent in this place.
 C = Inter-level travel time spent in this place.
 D = Time resting spent in this place.
 E = Time spent auto-exploring this place.
 F = Levels seen in this place.
 G = Mean time per level.
                   A        B        C        D        E       F      G
               +--------+--------+--------+--------+--------+-----+--------+
         Total |   2618 |   2560 |     58 |    195 |   1915 |   3 |  872.7 |
       Dungeon |   2618 |   2560 |     58 |    195 |   1915 |   3 |  872.7 |
               +--------+--------+--------+--------+--------+-----+--------+

Top non-repeatable levels by time:
     D:3: 1055 daAuts
     D:1: 792 daAuts
     D:2: 770 daAuts
